 Dungeon Crawl Stone Soup version 0.19-a0-1908-g43c011f (webtiles) character file.

2270 Leibowitz the Cleaver (level 8, -2/67 HPs)
             Began as a Demigod Gladiator on Oct 22, 2016.
             Slain by Gastronok (18 damage)
             ... on level 8 of the Dungeon.
             The game lasted 00:18:35 (7908 turns).

Leibowitz the Cleaver (Demigod Gladiator)           Turns: 7908, Time: 00:18:36

Health: -2/67      AC: 17    Str: 20    XL:     8   Next: 94%
Magic:  10/10      EV:  8    Int: 12    God:
Gold:   451        SH:  5    Dex: 22    Spells: 0 memorised, 7 levels left

rFire  . . .     SeeInvis .     a - +1 battleaxe (freeze)
rCold  . . .     Gourm    .     w - +0 plate armour
rNeg   . . .     Faith    .     (shield currently unavailable)
rPois  .         Spirit   .     c - +0 helmet
rElec  .         Reflect  +     k - +0 cloak
rCorr  .         Harm     .     h - +2 pair of gloves
MR     .....                    (no boots)
Stlth  ..........               B - +5 amulet of reflection
                                (no ring)
                                u - +4 ring of dexterity

@: slowed, very slow
A: high mp 1
a: no special abilities


You were on level 8 of the Dungeon.
You were not hungry.

You visited 1 branch of the dungeon, and saw 8 of its levels.
You also visited: Sewer.

You collected 451 gold pieces.

Inventory:

Hand Weapons
 a - a +1 battleaxe of freezing (weapon)
 s - a +0 halberd of venom
 v - a +0 war axe
Missiles
 d - 3 throwing nets (quivered)
Armour
 c - a +0 helmet (worn)
 h - a +2 pair of gloves (worn)
 k - a +0 cloak (worn)
 w - a +0 plate armour (worn)
Jewellery
 u - a +4 ring of dexterity (left hand)
 B - a +5 amulet of reflection (around neck)
Scrolls
 i - 3 scrolls of fog
 l - 5 scrolls of identify
 m - a scroll of magic mapping
 p - 5 scrolls of teleportation
 r - a scroll of recharging
 x - 3 scrolls of remove curse
Potions
 b - 2 potions of flight
 e - 2 potions of curing
 j - 3 potions of heal wounds
 q - a potion of berserk rage {unknown}
 t - a potion of haste {unknown}
 A - a potion of cure mutation {unknown}
Books
 y - a book of Conjurations

   Spells                             Type                      Level
   a - Magic Dart                     Conjuration                  1
   b - Searing Ray                    Conjuration                  2
   c - Dazzling Spray                 Conjuration/Hexes            3
   d - Fulminant Prism                Conjuration/Hexes            4
   e - Iskenderun's Mystic Blast      Conjuration                  4
   f - Iskenderun's Battlesphere      Conjuration/Charms           5
Comestibles
 f - 9 bread rations
 g - 6 meat rations
 n - 9 fruits
 o - a slice of pizza
 z - 2 royal jellies


   Skills:
 + Level 4.4 Fighting
 + Level 9.3 Axes
 + Level 2.0 Throwing
 + Level 4.5 Armour
 + Level 3.4 Dodging
 + Level 1.0 Stealth


You had 7 spell levels left.
You didn't know any spells.

Dungeon Overview and Level Annotations

Branches:
Dungeon (8/15)             Temple (0/1) D:5
   Lair: D:8-11

Annotations:
D:8 Gastronok


Innate Abilities, Weirdness & Mutations

You have an increased reservoir of magic. (+10% MP)


Message History

You hit Gastronok. You freeze Gastronok.
Gastronok is lightly wounded.
Gastronok looks at you and mumbles some strange words.
You feel as though you will be slow longer.
You slash Gastronok! You freeze Gastronok.
Gastronok is moderately wounded.
Gastronok bites you but does no damage.
You slash Gastronok! You freeze Gastronok.
Gastronok is moderately wounded.
Gastronok bites you!
You hit Gastronok. You freeze Gastronok.
Gastronok is moderately wounded.
Gastronok waves his eye-stalks in wide circles.
The air twists around and strikes you!
Ouch! That really hurt!
* * * LOW HITPOINT WARNING * * *
You hit Gastronok. You freeze Gastronok.
Gastronok is heavily wounded.
Gastronok bites you!!
You die...

..#... #.#.#. #..... .#
#....! .# .....#. .#
.......######.# $. #.
.....#w.....#.# .# ..####.#
.......@......# #.# .....#.#
#+#..#........# #.#
.......###.# .#..####..# #.#
...........#...........# #.#
#.......#.##..........# #.#
#.......#.##.#..####..####.#
+.....).........>..........#
#.......#....#........####.#
###+#....<##.##.#####.####.#


You could see Gastronok.

Vanquished Creatures
  A spriggan (D:7)
  2 orc warriors
  A sky beast (D:5)
  A black bear (D:5)
  A phantom (D:6)
  2 centaurs (D:7)
  3 ogres
  3 bullfrogs
  A water moccasin skeleton (D:7)
  2 crimson imps
  A quasit (D:3)
  A hound (D:4)
  2 jellies
  2 orc wizards
  3 orc priests
  A bullfrog skeleton (D:7)
  3 centaur skeletons
  An iguana (D:8)
  3 worker ants
  A killer bee zombie (D:7)
  A hound skeleton (D:4)
  10 gnolls
  5 adders
  A river rat (D:5)
  A shadow imp (D:5)
  7 oozes
  2 adder zombies
  6 worms
  A dart slug (D:2)
  7 leopard geckos
  16 orcs
  4 ball pythons
  15 bats
  7 giant cockroaches
  11 goblins
  8 hobgoblins
  22 jackals
  13 kobolds
  6 quokkas
  7 frilled lizards
  A leopard gecko zombie (D:5)
  2 quokka skeletons
  13 rats
201 creatures vanquished.

Vanquished Creatures (others)
  An orc wizard (D:5)
  An orc (D:3)
  2 jackals (D:3)
4 creatures vanquished.

Grand Total: 205 creatures vanquished

Notes
Turn   | Place    | Note
-------+----------+-------------------------------------------
     0 | D:1      | Leibowitz the Demigod Gladiator began the quest for the Orb.
     0 | D:1      | Reached XP level 1. HP: 17/17 MP: 3/3
   103 | D:1      | Reached XP level 2. HP: 24/24 MP: 4/4
   355 | D:1      | Reached skill level 3 in Axes
   748 | D:1      | Reached XP level 3. HP: 29/29 MP: 5/5
  1600 | D:2      | Found a shattered altar of Ashenzari.
  1723 | D:2      | Reached skill level 1 in Armour
  1793 | D:2      | Found a bloodstained altar of Trog.
  1949 | D:2      | Reached XP level 4. HP: 35/36 MP: 6/6
  2399 | D:3      | Reached skill level 1 in Stealth
  2405 | D:3      | Reached skill level 4 in Axes
  2643 | D:3      | Found a radiant altar of Vehumet.
  2995 | D:3      | Noticed an ogre
  3008 | D:3      | Killed an ogre
  3008 | D:3      | Reached XP level 5. HP: 16/42 MP: 7/7
  3505 | D:3      | Reached XP level 6. HP: 37/50 MP: 8/8
  3565 | D:3      | Reached skill level 5 in Axes
  4244 | D:4      | Found a sacrificial altar of Ru.
  4346 | D:4      | Found a stormy altar of Qazlal.
  4347 | D:4      | Noticed an air elemental
  4349 | D:4      | Noticed a water elemental
  4349 | D:4      | Noticed a fire elemental
  4828 | D:5      | Entered Level 5 of the Dungeon
  4843 | D:5      | Reached skill level 6 in Axes
  4843 | D:5      | Reached XP level 7. HP: 47/57 MP: 9/9
  4927 | D:5      | Found a staircase to the Ecumenical Temple.
  5060 | D:5      | Found a glowing drain.
  5071 | Sewer    | Entered a sewer
  5973 | D:5      | Reached skill level 7 in Axes
  6566 | D:6      | Reached XP level 8. HP: 21/66 MP: 10/10
  6800 | D:6      | Found an iron altar of Okawaru.
  6866 | D:6      | Reached skill level 8 in Axes
  7377 | D:7      | Found a shadowy altar of Dithmenos.
  7443 | D:7      | Found an ancient bone altar of Kikubaaqudgha.
  7443 | D:7      | Found a sparkling altar of Nemelex Xobeh.
  7449 | D:7      | Found a faded altar of an unknown god.
  7451 | D:7      | Found a faded altar of an unknown god.
  7453 | D:7      | Found a faded altar of an unknown god.
  7539 | D:7      | Reached skill level 9 in Axes
  7548 | D:7      | Found a sacrificial altar of Ru.
  7894 | D:8      | Noticed Gastronok
  7908 | D:8      | Slain by Gastronok

Vault maps used:
D:1:      erik_arrival_gehennom, minmay_misc_feat_diagonals
D:2:      evilmike_ruin_ashenzari, marbit_many_paths, roderic_serpentine_path,
          hex_medium, due_unseen_surprise
D:3:      fiery_altar_vehumet, first_bread, roderic_lattice_a
D:4:      lemuel_coloured_pillars_altar, nicolae_qazlal_style_of_elements
D:5:      black_bear_nest_2, gup_sewer_entry_bubbles
D:6:      okawaru_metal_pillars_3
D:7:      kennysheep_little_box, chequers_temple_overflow_minitemple,
          basic_altar, the_bakery
D:8:      uniq_gastronok
Sewer:    sewer_fruit_machine

Skill      XL: |  1  2  3  4  5  6  7  8 |
---------------+-------------------------+-----
Dodging        | 3 |  3.4
Fighting       | 2 3 4 |  4.4
Axes           | 3 4 6 7 9 |  9.3
Armour         | 1 2 3 4 |  4.5
Stealth        | 1 |  1.0
Throwing       | 2 |  2.0

Action                   |  1- 3 |  4- 6 |  7- 9 || total
-------------------------+-------+-------+-------++-------
Melee: War axe           |   145 |   213 |       ||   358
       Battleaxe         |       |    19 |   241 ||   260
Throw: Throwing net      |       |     1 |       ||     1
  Use: Scroll            |     4 |     4 |     4 ||    12
       Potion            |       |     6 |     1 ||     7
 Stab: Sleeping          |     4 |       |       ||     4
       Distracted        |     1 |       |       ||     1
  Eat: Chunk             |     3 |     8 |    13 ||    24
Armor: Leather armour    |    35 |       |       ||    35
       Chain mail        |    12 |   153 |       ||   165
       Plate armour      |       |    12 |   183 ||   195
Dodge: Dodged            |   110 |   145 |   104 ||   359
Block: Other             |       |       |    28 ||    28
